[Event "*** SCC Grand Prix: Titled Tuesday Blitz"]
[Site "Chess.com"]
[Date "2020.09.08"]
[Round "10"]
[White "Love_craft"]
[Black "Hypercar"]
[Result "0-1"]
[WhiteElo "2561"]
[BlackElo "2421"]
[TimeControl "180+1"]
[EndTime "11:56:44 PDT"]
[Termination "Hypercar won by checkmate"]

1. Nf3 e6 2. g3 d5 3. Bg2 Nf6 4. O-O Be7 5. d3 O-O 6. Nbd2 c5 7. e4 Nc6 8. e5 Nd7 9. Re1 b6 10. Nf1 Bb7 11. h4 Qc7 12. Bf4 d4 13. N1h2 Nb4 14. Ng4 Rad8 15. h5 Nd5 16. Bg5 Bxg5 17. Nxg5 Nb4 18. h6 g6 19. f4 Bxg2 20. Kxg2 c4 21. Ne4 Qc6 22. Re2 Nc5 23. Nf6+ Kh8 24. dxc4 d3 25. cxd3 Nbxd3 26. Qf1 Rd4 27. Qf3 Rfd8 28.
b3 a5 29. Nxc5 Qxc5 30. Rf1 a4 31. Qb7 Qf8 32. Qxb6 axb3 33. axb3 Nc5 34. Ra1 Rd2 35. Ra2 Rxa2 36. Rxa2 Nd3 37. Qb7 Qxh6 38. Qxf7 Ne1+ 39.
Kf2 Qh2+ 40. Kxe1 Qxg3+ 41. Ke2 Qg2+ 42. Ke3 Qg1+ 43. Rf2 Qg3+ 44. Ke2 Qd3+ 45. Ke1 Qd1# 0-1

[Event "*** SCC Grand Prix: Titled Tuesday Blitz"]
[Site "Chess.com"]
[Date "2020.09.08"]
[Round "10"]
[White "Kislov_Oleg"]
[Black "KNCP_719"]
[Result "1-0"]
[WhiteElo "2402"]
[BlackElo "2537"]
[TimeControl "180+1"]
[EndTime "11:56:44 PDT"]
[Termination "Kislov_Oleg won by checkmate"]

1. e4 c6 2. d4 d5 3. Nc3 dxe4 4. Nxe4 Nf6 5. Nxf6+ exf6 6. c3 Bd6 7. Bd3 O-O 8. Qc2 Re8+ 9. Ne2 h5 10. Be3 h4 11.
O-O-O Be6 12. Nf4 Bxf4 13. Bxf4 Qa5 14. b3 Nd7 15. h3 Rac8 16. Rhg1 c5 17. d5 Nf8 18.
dxe6 Nxe6 19. Be3 b5 20. c4 bxc4 21. Bxc4 Qb6 22. Rd7 Qb8 23. Rgd1 Qe5 24. Kb1 a5 25. a4 Rb8 26. Ka2 Rb4 27. Bxe6 Qxe6 28. Bxc5 Rxa4+ 29. Kb2 Qe5+ 30. Bd4 Qb5 31. Bc3 Rae4 32. Rd8 Re2 33. Rxe8+ Rxe8 34. Rd2 a4 35. b4 Qc4 36. Qxa4 Re1 37. Qc2 Rg1 38. Rd8# 1-0

[Event "*** SCC Grand Prix: Titled Tuesday Blitz"]
[Site "Chess.com"]
[Date "2020.09.08"]
[Round "10"]
[White "arminmusovic"]
[Black "MF1966Idrisov"]
[Result "1-0"]
[WhiteElo "2560"]
[BlackElo "2396"]
[TimeControl "180+1"]
[EndTime "11:56:45 PDT"]
[Termination "arminmusovic won on time"]

1. a3 e5 2. Nc3 d5 3. d4 e4 4.
Bf4 c6 5. e3 Bd6 6. Nge2 Nf6 7.
Bxd6 Qxd6 8. Nf4 O-O 9. Be2 Re8 10. g4 Nfd7 11. h4 Nf8 12. Qd2 b5 13. O-O-O a5 14. Rdg1 b4 15. Nb1 bxa3 16. Nxa3 Be6 17. g5 c5 18. h5 c4 19. g6 fxg6 20. Bg4 Bxg4 21.
Rxg4 Qc6 22. hxg6 h6 23. Rh5 Rd8 24. Qc3 Ra7 25. Re5 Qd7 26. Rg1 Qb7 27. Ne6 Nxe6 28.
Rxe6 Qd7 29. Rb6 Nc6 30. Nxc4 Nb4 31. Ne5 Qa4 32. Kd2 Re7 33. Qc5 Ree8 34. Nc6 Rc8 35.
Ne7+ Kh8 36. Nxc8 Nxc2 37. Nd6 Nxe3 38. fxe3 1-0

[Event "*** SCC Grand Prix: Titled Tuesday Blitz"]
[Site "Chess.com"]
[Date "2020.09.08"]
[Round "10"]
[White "Deepweb2020"]
[Black "Supernotar"]
[Result "0-1"]
[WhiteElo "2199"]
[BlackElo "2783"]
[TimeControl "180+1"]
[EndTime "11:56:45 PDT"]
[Termination "Supernotar won by resignation"]

1. d4 d5 2. c4 dxc4 3. e3 Nf6 4. Bxc4 e6 5. Nf3 a6 6. O-O c5 7. dxc5 Bxc5 8. a3 O-O 9. b4 Be7 10. Bb2 b5 11. Bb3 Bb7 12. Nbd2 Nc6 13. Qe2 Qb6 14. Rfd1 a5 15. bxa5 Rxa5 16. a4 bxa4 17. Nc4 Qxb3 18. Nxa5 Nxa5 19. Rdb1 Bxf3 20. Qxf3 Qc4 21. Qf4 Qxf4 22.
exf4 Nc4 23. Rxa4 Nxb2 24. Rxb2 g6 25. Ra7 Nd5 26. Rab7 Bf6 27. Rb1 Nxf4 28. Rb8 Rxb8 29. Rxb8+ Kg7 30. g3 Nd5 31. Kg2 h5 32. h3 h4 33. g4 Nf4+ 34. Kh2 Be5 35. Ra8 Nd3+ 36.
Kg2 Bd4 37. Rd8 e5 38. f3 Ne1+ 39. Kh1 Nxf3 40. Ra8 Ng5 41. Ra3 f5 42. gxf5 gxf5 43. Kg2 Kf6 44. Ra6+ Ne6 45. Ra8 e4 46. Rh8 Kg5 47.
Rg8+ Kf6 48. Rh8 Nf4+ 49. Kh2 Kg5 50. Rg8+ Ng6 51. Re8 Be5+ 52. Kg2 f4 53. Kh1 f3 54.
Ra8 e3 55. Ra4 e2 56. Re4 Kf5 57. Rxe2 fxe2 0-1

[Event "*** SCC Grand Prix: Titled Tuesday Blitz"]
[Site "Chess.com"]
[Date "2020.09.08"]
[Round "10"]
[White "Fandorine"]
[Black "GasconJR"]
[Result "1-0"]
[WhiteElo "2915"]
[BlackElo "2610"]
[TimeControl "180+1"]
[EndTime "11:56:46 PDT"]
[Termination "Fandorine won on time"]

1. e4 c5 2. Nf3 d6 3. c3 Nf6 4.
g3 g6 5. Bg2 Bg7 6. O-O O-O 7.
Re1 Nc6 8. d3 Bg4 9. Nbd2 Rb8 10. h3 Bxf3 11. Nxf3 Nd7 12. Be3 b5 13. a3 a5 14. h4 b4 15. axb4 axb4 16. d4 bxc3 17. bxc3 Na5 18. h5 Nc4 19. Bc1 e6 20. Bf1 d5 21. e5 Qb6 22. h6 Bh8 23. Bxc4 dxc4 24.
d5 exd5 25. Qxd5 Qe6 26. Qxe6 fxe6 27. Bf4 Nb6 28. Ng5 Rfe8 29. Ra6 Nd5 30. Rc1 Rb6 31.
Rxb6 Nxb6 32. Ne4 Nd5 33. Ra1 Rf8 34. Ra7 Nxf4 35. gxf4 Rxf4 36. Ra8+ Rf8 37. Rxf8+ Kxf8 38. f4 Kf7 39. Ng5+ Ke7 40. Kf2 Kd7 41. Ke3 Ke7 42. Kd2 Kd7 43. Kc2 Kc6 44. Nf7 1-0

[Event "*** SCC Grand Prix: Titled Tuesday Blitz"]
[Site "Chess.com"]
[Date "2020.09.08"]
[Round "10"]
[White "KonstantinB_1983"]
[Black "belisarius64"]
[Result "0-1"]
[WhiteElo "2525"]
[BlackElo "2682"]
[TimeControl "180+1"]
[EndTime "11:56:48 PDT"]
[Termination "belisarius64 won by checkmate"]

1. d4 Nf6 2. c4 g6 3. Nc3 Bg7 4. e4 d6 5. Nge2 O-O 6. Ng3 Nbd7 7. Be2 h5 8. O-O e5 9. h3 exd4 10. Qxd4 Re8 11. Bg5 Nc5 12. Qd1 Ne6 13. Be3 h4 14. Nh1 Nh7 15. f4 Nc5 16. Bf3 Bxc3 17. Bxc5 Bxb2 18.
Rb1 Bg7 19. Bd4 c6 20. Bxg7 Kxg7 21. Nf2 Qf6 22. Qd2 Nf8 23. Rfd1 Ne6 24. f5 gxf5 25. Qxd6 Ng5 26. e5 Rxe5 27. Qxf6+ Kxf6 28. Rd8 Ne6 29. Rh8 Nc7 30. Nd3 Ra5 31. Rb2 Be6 32. Rxh4 Rd8 33. Rxb7 Rxd3 34. Rxc7 Rxa2 35. Rxc6 Kg5 36.
Rh8 Kf4 37. Rg8 Rc3 38. c5 Rc1+ 39. Kh2 Raa1 40. g3+ Kxf3 41. Rxe6 Rh1# 0-1

[Event "*** SCC Grand Prix: Titled Tuesday Blitz"]
[Site "Chess.com"]
[Date "2020.09.08"]
[Round "10"]
[White "Kotofeyca"]
[Black "politeplayer"]
[Result "0-1"]
[WhiteElo "2337"]
[BlackElo "2268"]
[TimeControl "180+1"]
[EndTime "11:56:49 PDT"]
[Termination "politeplayer won by checkmate"]

1. d4 d5 2. c4 e6 3. Nc3 c5 4. cxd5 cxd4 5. Qxd4 Nc6 6. Qa4 exd5 7. Nf3 d4 8. Bg5 f6 9. O-O-O fxg5 10. Nxd4 Bd7 11.
Ndb5 Nf6 12. h4 g4 13. Qf4 Rc8 14. e4 Nb4 15. Kb1 a6 16. Nd6+ Bxd6 17. Rxd6 O-O 18.
e5 Nfd5 19. Qd2 Bf5+ 20. Kc1 Nxa2+ 21. Kd1 Naxc3+ 22. bxc3 Nxc3+ 23. Ke1 Qe7 24. Qd4 Nb5 25. Bc4+ Kh8 26. Qd5 Nxd6 27. Be2 Ne4 28. f3 Rc1+ 29. Bd1 Qb4+ 30. Ke2 Nc3+ 31. Ke3 Nxd5+ 32. Kf2 Qd2+ 33. Kg3 Rxd1 34. Rh2 Qf4+ 35. Kf2 Rd2+ 36. Kf1 Bd3+ 37. Kg1 Qe3+ 38. Kh1 Rd1# 0-1

[Event "*** SCC Grand Prix: Titled Tuesday Blitz"]
[Site "Chess.com"]
[Date "2020.09.08"]
[Round "10"]
[White "jefferyx"]
[Black "bocah_sakit"]
[Result "1-0"]
[WhiteElo "2929"]
[BlackElo "2691"]
[TimeControl "180+1"]
[EndTime "11:56:51 PDT"]
[Termination "jefferyx won by checkmate"]

1. d4 Nf6 2. Nf3 g6 3. Nc3 Bg7 4. e4 d6 5. Be3 c6 6. Qd2 Nbd7 7.
Bh6 O-O 8. h4 e5 9. O-O-O Bxh6 10.
Qxh6 Ng4 11. Qd2 h5 12. Ng5 exd4 13. Qxd4 Qf6 14. Nh3 Qxh4 15. Qxd6 Qf6 16. Be2 Qxd6 17. Rxd6 Nb6 18. f3 Ne3 19. Nf4 Nec4 20. Rd4 Ne5 21. Nd1 Bd7 22. Ne3 Rae8 23. Rhd1 Bc8 24. Rd6 h4 25. Rh1 g5 26. Nh5 Re6 27. Rdd1 Rh6 28. f4 gxf4 29. Nxf4 Kg7 30. Nh5+ Kg6 31. Rxh4 Kg5 32.
g3 Rfh8 33. Rdh1 Be6 34. b3 Nbd7 35. Kd2 f6 36. Nf4 Nc5 37. Bh5 Nxe4+ 38. Ke1 Nc5 39. b4 Bd5 40. Nh3# 1-0

[Event "*** SCC Grand Prix: Titled Tuesday Blitz"]
[Site "Chess.com"]
[Date "2020.09.08"]
[Round "10"]
[White "jhonnyuribe"]
[Black "exoticprincess"]
[Result "1-0"]
[WhiteElo "2570"]
[BlackElo "2878"]
[TimeControl "180+1"]
[EndTime "11:56:52 PDT"]
[Termination "jhonnyuribe won on time"]

1. d4 d5 2. Nf3 c6 3. e3 Nf6 4. Bd3 Bg4 5. Nbd2 e6 6. O-O Bd6 7. e4 dxe4 8. Nxe4 Nxe4 9. Bxe4 Nd7 10. c3 Bh5 11. Re1 O-O 12. Bc2 Bg6 13. Bg5 Qc7 14. h3 Rfe8 15. Qe2 a5 16. Rad1 a4 17. a3 b5 18.
Bxg6 hxg6 19. Qe4 Nb6 20. Re2 Nc4 21. Rde1 Qd7 22. Qh4 f6 23. Bc1 Kf7 24. Qg4 Rad8 25. h4 e5 26. Qxd7+ Rxd7 27. dxe5 Bxe5 28. Nd2 Nxd2 29.
Bxd2 Red8 30. Be3 Rd1 31. Kf1 Rxe1+ 32. Kxe1 Rd7 33. Bc5 Rd5 34. Be3 Ke6 35. Rc2 Rd7 36. Ke2 f5 37. c4 Bf6 38. g3 Rb7 39. cxb5 Rxb5 40. Rxc6+ Kd5 41. Ra6 Rxb2+ 42. Kf3 Rb3 43. Rxa4 Be5 44. Ra5+ Ke6 45. Ra6+ Kf7 46. a4 Ra3 47.
Ke2 Bf6 48. Bc5 Ra2+ 49. Kd3 g5 50. h5 g4 51. Be3 Be5 52. Kc4 Ra3 53. Kd5 Bxg3 54.
Bc5 Rd3+ 55. Kc4 Bxf2 56. Kxd3 Bxc5 57. Ra5 1-0

[Event "*** SCC Grand Prix: Titled Tuesday Blitz"]
[Site "Chess.com"]
[Date "2020.09.08"]
[Round "10"]
[White "Anton_Demchenko"]
[Black "Iball95"]
[Result "1-0"]
[WhiteElo "2867"]
[BlackElo "2729"]
[TimeControl "180+1"]
[EndTime "11:56:52 PDT"]
[Termination "Anton_Demchenko won on time"]

1. e4 c5 2. Nf3 Nc6 3. Nc3 g6 4.
d4 cxd4 5. Nxd4 Bg7 6. Nb3 Nf6 7. Be2 O-O 8. O-O a6 9. a4 d6 10. Be3 Be6 11. f4 Rc8 12. Bf3 Bc4 13. Rf2 b5 14. axb5 axb5 15. Rd2 Qc7 16. Kh1 Rfd8 17. h3 e6 18. Qg1 Rb8 19. Rad1 b4 20. Na4 d5 21.
Bb6 Qxf4 22. Bxd8 Rxd8 23. exd5 exd5 24. Qb6 Rc8 25. Qb7 Rc7 26. Qa8+ Bf8 27. Nb6 Ne5 28. Bxd5 Neg4 29. hxg4 Nxg4 30. g3 Qh6+ 31. Kg1 Kg7 32. Bxc4 Bc5+ 33. Nxc5 Rxc5 34. Qf3 Ne5 35. Qf4 Qh5 36.
Rf1 1-0

[Event "*** SCC Grand Prix: Titled Tuesday Blitz"]
[Site "Chess.com"]
[Date "2020.09.08"]
[Round "10"]
[White "1stSecond"]
[Black "1977Ivan"]
[Result "0-1"]
[WhiteElo "2782"]
[BlackElo "2650"]
[TimeControl "180+1"]
[EndTime "11:56:52 PDT"]
[Termination "1977Ivan won on time"]

1. e4 c5 2. Nf3 e6 3. d4 cxd4 4.
Nxd4 Nc6 5. Nc3 Qc7 6. Be3 a6 7. Qd2 Nf6 8. f3 Bb4 9. O-O-O O-O 10. Nb3 d5 11. a3 Bxc3 12. Qxc3 dxe4 13. fxe4 Nxe4 14.
Qc4 f5 15. Be2 b5 16. Qd3 Rd8 17. Nd4 Nxd4 18. Bxd4 Nf2 19. Bxf2 Rxd3 20. Rxd3 Bb7 21. Rhd1 Be4 22. Rc3 Qxh2 23. Bg3 Qh6+ 24. Kb1 f4 25.
Bf2 Bd5 26. Rc7 Qg5 27. Bf3 Bxf3 28. gxf3 Rf8 29. Rdd7 h5 30. Bc5 Rf5 31. Be7 Qg2 32.
Bh4 Kh7 33. b3 Rd5 34. Rf7 Rf5 35. Rfd7 e5 36. Kb2 Rf8 37. Re7 e4 38. Rxe4 Qxf3 39. Ree7 Qg2 40. Rcd7 f3 41. Be1 f2 42. Bxf2 Rxf2 0-1

[Event "*** SCC Grand Prix: Titled Tuesday Blitz"]
[Site "Chess.com"]
[Date "2020.09.08"]
[Round "10"]
[White "poummba"]
[Black "KyrgyzFighter"]
[Result "1-0"]
[WhiteElo "2535"]
[BlackElo "2371"]
[TimeControl "180+1"]
[EndTime "11:56:52 PDT"]
[Termination "poummba won by resignation"]

1. d4 d5 2. c4 c6 3. Nf3 Nf6 4.
e3 a6 5. Bd3 Bg4 6. O-O e6 7.
Nbd2 Nbd7 8. b3 Bd6 9. Bb2 O-O 10. Re1 b5 11. Nf1 Ne4 12. Ng3 f5 13. Be2 Qf6 14. Rc1 f4 15. exf4 Bxf4 16. Rc2 h5 17. Bd3 Ng5 18.
Be2 h4 19. Nxg5 Bxg3 20. Bxg4 Bxf2+ 21. Rxf2 Qxf2+ 22. Kh1 Rae8 23. Bxe6+ Rxe6 24. Nxe6 Re8 25. Qe2 Qf6 26. cxd5 cxd5 27. Ba3 a5 28. Bc5 b4 29. Qe3 Nxc5 30. dxc5 Re7 31. c6 Kf7 32. c7 Re8 33. Ng5+ Kg6 34. Qxe8+ Kxg5 35. Qe7 Kg4 36. Qxf6 gxf6 37.
c8=Q+ f5 38. Qd7 Kg5 39. Qxd5 1-0

[Event "*** SCC Grand Prix: Titled Tuesday Blitz"]
[Site "Chess.com"]
[Date "2020.09.08"]
[Round "10"]
[White "eCztery"]
[Black "XiaoKangZhong"]
[Result "0-1"]
[WhiteElo "2302"]
[BlackElo "2432"]
[TimeControl "180+1"]
[EndTime "11:56:52 PDT"]
[Termination "XiaoKangZhong won on time"]

1. e4 c6 2. Nc3 d5 3. Nf3 dxe4 4. Nxe4 Nf6 5. Qe2 Nxe4 6. Qxe4 Qd5 7. Qh4 Qe6+ 8. Be2 Qg4 9. Qxg4 Bxg4 10. d4 Nd7 11.
Be3 g6 12. O-O-O Nf6 13. h3 Bd7 14. Ne5 Bg7 15. Bg5 h6 16. Bxf6 Bxf6 17. Bc4 e6 18. Rhe1 Ke7 19. f4 b5 20. Be2 Rhd8 21. Bf3 Rac8 22.
g4 Be8 23. c3 a5 24. Kb1 c5 25.
d5 Bxe5 26. Rxe5 Rd6 27. Rde1 Bd7 28. f5 gxf5 29. gxf5 f6 30. fxe6 fxe5 31. exd7 Rf8 32. Rxe5+ Kxd7 33. Bg4+ Kd8 34. a4 b4 35. cxb4 cxb4 36.
Ka2 Rf4 37. Be6 Kc7 38. Rh5 Rf6 39. Rh4 Rd8 40. Rc4+ Kd6 41. Rc6+ Ke5 42. Ra6 Rxd5 43. Bxd5 Rxa6 44. Bb7 Rd6 45. Kb3 Kd4 46. Bc8 Rf6 47. Bg4 Rf4 48. Bc8 Rf3+ 49. Kc2 b3+ 50. Kd1 Rf2 51. Be6 Rxb2 52. h4 Kc3 53. h5 Ra2 0-1

[Event "*** SCC Grand Prix: Titled Tuesday Blitz"]
[Site "Chess.com"]
[Date "2020.09.08"]
[Round "10"]
[White "anasta10"]
[Black "novocane"]
[Result "1-0"]
[WhiteElo "2440"]
[BlackElo "2292"]
[TimeControl "180+1"]
[EndTime "11:56:53 PDT"]
[Termination "anasta10 won by resignation"]

1. d4 Nf6 2. c4 e6 3. Nc3 Bb4 4.
Nf3 c5 5. d5 d6 6. Bd2 O-O 7. a3 Bxc3 8. Bxc3 exd5 9. cxd5 Ne4 10. Rc1 Nd7 11. e3 Ndf6 12. Bd3 Nxc3 13. Rxc3 Bg4 14. h3 Bh5 15. O-O Re8 16. Re1 Ne4 17.
Bxe4 Rxe4 18. g4 Bg6 19. Nd2 Re8 20. f4 f5 21. g5 Qe7 22. h4 Qf7 23. Nc4 Rad8 24.
Rb3 b6 25. a4 Re4 26. Qd3 Qd7 27. Rb5 Rde8 28. Kf2 Qe7 29. Rc1 Bh5 30. a5 bxa5 31. Rxa5 Qc7 32. Ra3 Qb7 33. Rc2 Qf7 34. Nxd6 Qe7 35.
Nxe8 Bxe8 36. d6 Qd7 37. Rxc5 h6 38. Rc7 Qe6 39. Re7 1-0

[Event "*** SCC Grand Prix: Titled Tuesday Blitz"]
[Site "Chess.com"]
[Date "2020.09.08"]
[Round "10"]
[White "ViktoriyaTarasova"]
[Black "GothamChess"]
[Result "0-1"]
[WhiteElo "2270"]
[BlackElo "2573"]
[TimeControl "180+1"]
[EndTime "11:56:55 PDT"]
[Termination "GothamChess won on time"]

1. d4 e6 2. c4 b6 3. Nc3 Bb7 4. e4 Bb4 5. f3 f5 6. exf5 Nh6 7.
fxe6 Nf5 8. exd7+ Nxd7 9. Ne2 O-O 10. Bf4 g5 11. Bd2 Bxf3 12. gxf3 Nh4 13. Ng1 Re8+ 14.
Kf2 Ne5 15. Be3 Ng4+ 16. fxg4 Qf6+ 17. Nf3 Rxe3 18. Kxe3 Rf8 19. Be2 c5 20. Nd5 Qe6+ 21.
Kf2 cxd4 22. Qd3 Ng6 23. Rhf1 Qxg4 24. Rg1 Qh4+ 25. Kg2 Qh6 26. Kh1 Bd6 27. Rg2 Rxf3 28. Qxf3 Ne5 29. Qe4 Nf7 30. Rag1 Kf8 31. Qf5 d3 32.
Bxd3 Bc5 33. Qxh7 Qd6 34. Qg6 Qd7 35. Qf5 g4 36. Qxd7 Kg7 37. Qxa7 g3 38. Qxf7+ Kxf7 39. Rxg3 Ke6 40. Rf3 Ke5 0-1

[Event "*** SCC Grand Prix: Titled Tuesday Blitz"]
[Site "Chess.com"]
[Date "2020.09.08"]
[Round "10"]
[White "shnitez"]
[Black "PavelShkapenko"]
[Result "1-0"]
[WhiteElo "2546"]
[BlackElo "2682"]
[TimeControl "180+1"]
[EndTime "11:56:57 PDT"]
[Termination "shnitez won by resignation"]

1. c4 Nf6 2. Nc3 e6 3. e4 c5 4. e5 Ng8 5. Nf3 d6 6. exd6 Bxd6 7. d4 cxd4 8. Qxd4 Nf6 9. Bg5 Be7 10. O-O-O Qxd4 11. Nxd4 a6 12. g3 h6 13. Bd2 Bd7 14. Bg2 Nc6 15. Nxc6 Bxc6 16. Bxc6+ bxc6 17. f3 Rb8 18.
Bf4 Rb7 19. Kc2 O-O 20. Bd6 Bxd6 21. Rxd6 Rc8 22. Rhd1 Rbb8 23. Na4 Kf8 24. Nc5 Ra8 25. Nd7+ Ke7 26. Ne5 Nd5 27. Rd7+ Kf6 28. f4 Ne7 29. Ng4+ Kf5 30. Nxh6+ gxh6 31. Rxe7 Kf6 32. Rdd7 Rf8 33. Ra7 Rad8 34. Red7 Rxd7 35. Rxd7 h5 36. Rc7 h4 37. Rxc6 hxg3 38. hxg3 Rg8 39. Rxa6 Rxg3 40. a4 Rf3 41. a5 Rxf4 42. Rc6 Rf1 43. b3 Rf2+ 44. Kb1 Rf3 45. Kb2 Rf2+ 46. Ka3 Rf1 47.
Rd6 Ke5 48. Rd2 Rg1 49. a6 Rg8 50. b4 f5 51. b5 Kf4 52. b6 Ra8 53. a7 e5 54. Kb4 e4 55. b7 1-0

[Event "*** SCC Grand Prix: Titled Tuesday Blitz"]
[Site "Chess.com"]
[Date "2020.09.08"]
[Round "10"]
[White "teacher4chess"]
[Black "dpopadic"]
[Result "0-1"]
[WhiteElo "2118"]
[BlackElo "2360"]
[TimeControl "180+1"]
[EndTime "11:56:57 PDT"]
[Termination "dpopadic won on time"]

1. d4 Nf6 2. c4 g6 3. Nc3 Bg7 4.
e4 d6 5. f3 O-O 6. Be3 c5 7.
dxc5 dxc5 8. Qxd8 Rxd8 9. Bxc5 Nc6 10. Ba3 a5 11. Nd5 Nxd5 12. cxd5 Nb4 13. Kf2 e6 14. Bc4 exd5 15. exd5 Nxd5 16. Rd1 Be6 17. Ne2 Nb4 18. Bxe6 fxe6 19. Rxd8+ Rxd8 20. Bxb4 axb4 21. b3 Rd2 22. Rc1 Rxa2 23. Rc8+ Bf8 24. Ke3 b6 25. Nf4 Kf7 26.
Rc7+ Kf6 27. Rxh7 Rb2 28. g4 Rxb3+ 29. Kf2 Bd6 30. g5+ Kxg5 31. Nxe6+ Kf6 32. Nd4 Bc5 33.
Rd7 Rd3 34. Ke2 Rxd4 35. Rb7 Rh4 36. Kd3 Rxh2 37. Kc4 Rc2+ 38. Kb3 Rc3+ 39. Ka4 Rxf3 40. Rxb6+ Bxb6 41. Kxb4 Bd8 42. Kc4 g5 43. Kd4 g4 44.
Ke4 Rf5 45. Ke3 g3 46. Kd4 g2 47. Kc4 g1=Q 48. Kd3 Qg3+ 49. Ke4 Qg4+ 50. Kd3 Rf3+ 0-1

[Event "*** SCC Grand Prix: Titled Tuesday Blitz"]
[Site "Chess.com"]
[Date "2020.09.08"]
[Round "10"]
[White "swimmerchess"]
[Black "Witik"]
[Result "0-1"]
[WhiteElo "2844"]
[BlackElo "2721"]
[TimeControl "180+1"]
[EndTime "11:56:59 PDT"]
[Termination "Witik won by checkmate"]

1. e4 c6 2. d4 d5 3. e5 Bf5 4. Nf3 e6 5. Be2 Bg6 6. O-O Nh6 7. Nbd2 Nf5 8. Nb3 Nd7 9. a4 Be7 10. a5 O-O 11. Bd2 c5 12. dxc5 Nxc5 13. Nbd4 Ne4 14. Bf4 a6 15. c3 Qc7 16. Nxf5 Bxf5 17. Nd4 Bg6 18. f3 Nc5 19. Bg3 b6 20. b4 Nd7 21.
Qd2 bxa5 22. Rxa5 Nxe5 23. Bxa6 Qb6 24. Rfa1 Bf6 25. Bf2 Qc7 26. Be2 Rxa5 27. bxa5 Nc4 28. Qa2 Ra8 29. a6 h5 30. a7 h4 31. Bxc4 dxc4 32. Nb5 Qf4 33. Qa6 Be5 34. Qc6 Qxh2+ 35.
Kf1 Bd3+ 36. Ke1 Rxa7 37. Rxa7 Qxg2 38. Qe8+ Kh7 39. Qxf7 Qf1+ 40. Kd2 Qe2+ 41. Kc1 Qc2# 0-1

[Event "*** SCC Grand Prix: Titled Tuesday Blitz"]
[Site "Chess.com"]
[Date "2020.09.08"]
[Round "10"]
[White "ChessPromotionAlex"]
[Black "Chessdreamer2020"]
[Result "1-0"]
[WhiteElo "2523"]
[BlackElo "2385"]
[TimeControl "180+1"]
[EndTime "11:57:01 PDT"]
[Termination "ChessPromotionAlex won by resignation"]

1. e4 d6 2. d4 Nf6 3. Nc3 e5 4.
Nf3 Nbd7 5. Bc4 Be7 6. dxe5 dxe5 7. Ng5 O-O 8. Bxf7+ Rxf7 9. Ne6 Qe8 10. Nxc7 Qd8 11.
Nxa8 b6 12. Be3 Bb7 13. Nxb6 axb6 14. f3 Ba6 15. Qd2 Qc7 16. O-O-O Bb4 17. a3 Bxc3 18.
Qxc3 Qxc3 19. bxc3 Bc4 20. Rd6 b5 21. Rc6 Rf8 22.
Rc7 Ra8 23. Ra7 Rxa7 24. Bxa7 Kf7 25. Kd2 Nh5 26. g3 g6 27. Rb1 Ng7 28. Rb4 Bf1 29. Ke1 Bg2 30. Kf2 Bh3 31. Rxb5 Be6 32. Rb4 Ne8 33. Bb6 Ke7 34. a4 Kd6 35. a5 Kc6 36. Be3 Nc7 37. f4 Nb5 38. Bd2 Nd6 39. a6 Nb5 40.
Be3 Nc7 41. a7 Nc5 42. Bxc5 Kxc5 43. Rb7 1-0

[Event "*** SCC Grand Prix: Titled Tuesday Blitz"]
[Site "Chess.com"]
[Date "2020.09.08"]
[Round "10"]
[White "DonPreuss"]
[Black "tteshan"]
[Result "0-1"]
[WhiteElo "2253"]
[BlackElo "2399"]
[TimeControl "180+1"]
[EndTime "11:57:01 PDT"]
[Termination "tteshan won on time"]

1. d4 Nf6 2. Nc3 d5 3. e4 dxe4 4. f3 exf3 5. Nxf3 Nc6 6. Be3 Bf5 7. Bb5 e6 8. Ne5 Bb4 9. Nxc6 bxc6 10. Bxc6+ Ke7 11.
Bxa8 Qxa8 12. O-O Rd8 13. Ne2 Qe4 14. Bf2 Bg4 15. Ng3 Qg6 16. Qd3 Qxd3 17. cxd3 h5 18. Ne4 Be2 19. Rfc1 Ba5 20. Nxf6 gxf6 21. a3 Bxd3 22. b4 Bb6 23. Rc3 Be4 24. Rd1 Rg8 25.
g3 h4 26. a4 hxg3 27. hxg3 a5 28. b5 Rh8 29. Kf1 Rh2 30. Rdc1 Kd6 31. g4 Rh7 32.
Bg3+ Kd5 33. Bxc7 Bxd4 34. Bg3 Bxc3 35. Rxc3 Kd4 36. Rc7 Ke3 37. Bf2+ Kf3 38. Rc3+ Kxg4 39. b6 Rh8 40. Rb3 Rb8 41. Ke2 e5 42. Rb2 f5 43.
Bc5 Rb7 44. Bd6 f6 45. Bc7 f4 46. Rb5 f3+ 47. Ke3 Bc6 48. Rxa5 Kg3 49. Ra7 Rxa7 50. bxa7 f2 0-1

[Event "*** SCC Grand Prix: Titled Tuesday Blitz"]
[Site "Chess.com"]
[Date "2020.09.08"]
[Round "10"]
[White "ARTHURMOTIVATOR"]
[Black "Ba_clbaf_osed_ingo_3v21"]
[Result "0-1"]
[WhiteElo "2372"]
[BlackElo "2535"]
[TimeControl "180+1"]
[EndTime "11:57:02 PDT"]
[Termination "Ba_clbaf_osed_ingo_3v21 won on time"]

1. e4 d6 2. d4 Nf6 3. Nc3 e5 4. Nf3 Nbd7 5. Bc4 Be7 6. O-O O-O 7. a4 a5 8. h3 c6 9. Ba2 exd4 10. Qxd4 Nc5 11.
Be3 Be6 12. Bxe6 fxe6 13. e5 Nd5 14. exd6 Bxd6 15. Ne4 Nxe4 16. Qxe4 Qf6 17. Ng5 Qf5 18. Qxe6+ Qxe6 19. Nxe6 Rfe8 20. Nd4 Nxe3 21. fxe3 Rxe3 22. Nf5 Re6 23. Nxd6 Rxd6 24. Rae1 Rd7 25. Re5 b6 26. Re6 Rc8 27. Rf2 h6 28. Kh2 Rcc7 29. Re8+ Kh7 30. Rfe2 Rd6 31. h4 Rd4 32. g3 Rxa4 33. h5 Rb4 34. c3 Rb5 35. g4 Rg5 36. Kh3 g6 37. R2e7+ Rxe7 38. Rxe7+ Kg8 39. hxg6 Rxg6 40. Kh4 b5 41.
Rc7 a4 42. Kh5 Rd6 43. g5 hxg5 44. Kxg5 Rd2 45. Rxc6 Rxb2 46. Rb6 a3 47. Kf4 Rb3 48.
Ke4 a2 0-1

[Event "*** SCC Grand Prix: Titled Tuesday Blitz"]
[Site "Chess.com"]
[Date "2020.09.08"]
[Round "10"]
[White "Morshynska"]
[Black "j_coca"]
[Result "0-1"]
[WhiteElo "2170"]
[BlackElo "2317"]
[TimeControl "180+1"]
[EndTime "11:57:02 PDT"]
[Termination "j_coca won on time"]

1. e4 Nf6 2. e5 Nd5 3. d4 d6 4. Nf3 Bg4 5. Be2 Nc6 6. c4 Nb6 7. exd6 cxd6 8. d5 Bxf3 9. Bxf3 Ne5 10. Be2 Rc8 11. b3 g6 12. Bb2 Bg7 13. Nc3 O-O 14. O-O e6 15. Kh1 exd5 16. Nxd5 Nxd5 17. Qxd5 b6 18.
Rad1 Qh4 19. Rd4 Qh6 20. Bc1 g5 21. Qxd6 f6 22. f4 Nf7 23. fxg5 Nxg5 24. Qg3 Rc5 25.
Bg4 Kh8 26. Rd5 Ne4 27. Qe1 Ng5 28. Rxc5 bxc5 29. Kg1 f5 30. Bd1 Bd4+ 31. Kh1 Qg6 32. Qg3 Ne4 33. Qxg6 hxg6 34. g4 Nf2+ 35. Kg2 Nxd1 36.
Rxd1 fxg4 37. Rf1 Re8 38. Rf7 Re2+ 39. Kg3 Rxa2 40. Kxg4 Rxh2 41. Bf4 Rg2+ 42. Kf3 Rf2+ 43. Ke4 Rb2 44. Rxa7 Rxb3 45. Be5+ Bxe5 46. Kxe5 Rf3 47.
Kd5 Rf5+ 48. Ke6 Kg8 49. Ra8+ Kg7 50. Ra7+ Kh6 51. Rc7 Kh5 52. Rc8 Kg4 53. Rg8 g5 54. Rc8 Kf4 55. Rg8 g4 0-1

[Event "*** SCC Grand Prix: Titled Tuesday Blitz"]
[Site "Chess.com"]
[Date "2020.09.08"]
[Round "10"]
[White "vova-79"]
[Black "Ramu_K_FM_FT"]
[Result "0-1"]
[WhiteElo "2492"]
[BlackElo "1989"]
[TimeControl "180+1"]
[EndTime "11:57:02 PDT"]
[Termination "Ramu_K_FM_FT won on time"]

1. d4 Nf6 2. c4 g6 3. Nc3 Bg7 4.
Nf3 O-O 5. g3 d6 6. Bg2 Nc6 7.
O-O e5 8. dxe5 Nxe5 9. Nxe5 dxe5 10. Qxd8 Rxd8 11. Bg5 Re8 12. Nb5 Re7 13. Rfd1 Be6 14. Bxb7 Rb8 15. Bf3 h6 16. Bxf6 Bxf6 17. Nxa7 Rxb2 18.
Bd5 Rxe2 19. Nc6 Re8 20. a4 e4 21. Ra3 Bh3 22. a5 e3 23. Rxe3 R8xe3 24. fxe3 Bg5 25. Rd3 Bxe3+ 26. Rxe3 Rxe3 27. a6 Ra3 28. a7 Be6 29. Ne7+ Kf8 30. a8=Q+ Rxa8 31. Nxg6+ fxg6 32. Bxa8 Bxc4 33. Kf2 Ke7 34. Ke3 Kd6 35. Kd4 Be6 36. Be4 Bf5 37. Bf3 c5+ 38. Ke3 Ke5 39. Be2 Be6 40. Bd3 g5 41. Bc2 c4 42. Bd1 Kd5 43. h4 gxh4 44. gxh4 Kc5 45. Kf4 Kd4 0-1

[Event "*** SCC Grand Prix: Titled Tuesday Blitz"]
[Site "Chess.com"]
[Date "2020.09.08"]
[Round "10"]
[White "GMJustin"]
[Black "Pikachess999"]
[Result "1-0"]
[WhiteElo "2251"]
[BlackElo "2378"]
[TimeControl "180+1"]
[EndTime "11:57:03 PDT"]
[Termination "GMJustin won on time"]

1. d4 Nf6 2. c4 e5 3. dxe5 Ng4 4. Bf4 g5 5. Bg3 Nc6 6. h4 Ngxe5 7. hxg5 Qxg5 8. e3 Bg7 9. Qc2 d6 10. Nc3 Bf5 11. Qd2 Qg6 12. Nd5 O-O-O 13. Rd1 Kb8 14. Nf3 Nxf3+ 15. gxf3 Ne5 16. Be2 Rhe8 17. Bh4 f6 18. Nf4 Qf7 19. Rg1 Ng6 20. Bg3 Bh6 21. Nd5 Ne5 22. f4 Ng6 23. Rh1 Bf8 24. Qc3 Be4 25.
Rh2 Bxd5 26. cxd5 Ne7 27. Bf3 Nf5 28. Bh5 Qe7 29. Bxe8 Rxe8 30. Rd3 Nxg3 31. fxg3 f5 32. Ke2 Bg7 33. Qc4 Bf6 34. Rb3 b6 35. Qc6 Rg8 36. Rg2 h5 37. Kf2 h4 38. gxh4 Bxh4+ 39.
Kf1 Rxg2 40. Kxg2 Qg7+ 41. Kf1 Qg8 42. Ke2 Qg2+ 43. Kd3 Qe4+ 44. Kd2 1-0